 Dungeon Crawl Stone Soup version 0.30-a0-715-gdb4ae3ece1 (webtiles) character file.

Game seed: 1664697188824465926

4 bande the Trooper (level 1, 0/14 HPs)
             Began as a Gargoyle Fighter on Jan 25, 2023.
             Constricted to death by a ball python (1 damage)
             ... on level 1 of the Dungeon.
             The game lasted 00:00:12 (34 turns).

bande the Trooper (Gargoyle Fighter)                  Turns: 34, Time: 00:00:13

Health: 0/14       AC:  9    Str: 19    XL:     1   Next: 70%
Magic:  1/1        EV:  6    Int:  8    God:
Gold:   0          SH:  4    Dex:  9    Spells: 0/0 levels left

rFire   . . .      SeeInvis .    a - +0 war axe
rCold   . . .      Faith    .    c - +0 buckler
rNeg    + . .      Spirit   .    b - +0 scale mail
rPois   ∞          Reflect  .    (no helmet)
rElec   +          Harm     .    (no cloak)
rCorr   .          Rampage  .    (no gloves)
Will    .....                    (no boots) Stlth
                                 (no amulet)
HPRegen 0.22/turn                (no ring)
MPRegen 0.07/turn                (no ring)

@: constricted
A: sickness immunity, AC +2, negative energy resistance 1, electricity
resistance, torment resistance 1, petrification resistance
a: no special abilities


You were on level 1 of the Dungeon.
You visited 1 branch of the dungeon, and saw 1 of its levels.

Inventory:

Hand Weapons
 a - a +0 war axe (weapon)
Armour
 b - a +0 scale mail (worn)
 c - a +0 buckler (worn)
Potions
 d - a potion of might


   Skills:
 + Level 3.4 Fighting
 + Level 1.8 Axes
 + Level 3.3 Armour
 + Level 3.3 Shields


You couldn't memorise any spells.
You didn't know any spells.
Your spell library was empty.

Dungeon Overview and Level Annotations

Branches:
Dungeon (1/15)

Altars:


Innate Abilities, Weirdness & Mutations

You are immune to sickness and miasma.
Your stone body is resilient. (AC +2)
You are immune to poison.
You resist negative energy. (rN+)
You are resistant to electric shocks. (rElec)
You are resistant to unholy torment.
You are immune to petrification.


Message History

You closely miss the goblin. The goblin hits you but does no damage.
You closely miss the goblin.
The goblin hits you but does no damage. x2
You barely miss the ball python. You hit the goblin. The ball python bites you.
The ball python grabs you. The ball python constricts you.
The goblin hits you with a +0 club. The ball python barely misses you.
The ball python constricts you.
You are too injured to fight recklessly!
You are too injured to fight recklessly!
You are too injured to fight recklessly!
You are too injured to fight recklessly!
You are too injured to fight recklessly!
You are too injured to fight recklessly!
You are too injured to fight recklessly!
You are too injured to fight recklessly!
You are too injured to fight recklessly!
You are too injured to fight recklessly!
You closely miss the ball python. You barely miss the goblin.
The goblin hits you but does no damage. You block the ball python's attack.
The ball python constricts you. The goblin hits you with a +0 club.
* * * LOW HITPOINT WARNING * * *
The ball python bites you but does no damage.
The ball python constricts you.
You barely miss the ball python. You hit the goblin.
You kill the goblin!
The ball python bites you.
* * * LOW HITPOINT WARNING * * *
The ball python constricts you.
A ball python comes into view.
You barely miss the ball python.
The ball python hisses angrily.
The ball python barely misses you. The ball python constricts you.
The ball python bites you.
* * * LOW HITPOINT WARNING * * *
The ball python constricts you.
You closely miss the ball python.
The ball python bites you but does no damage.
The ball python constricts you.
The ball python bites you but does no damage. x2
The ball python constricts you.
You die...

## ..# #.# #^####
#.8####'..#
#.#...#'..#######
#.#.<..##.......#
#.#...###.#####.#
#.#.### #.# #.#
#..## #.#####'##
#### #.#.....@#
#.#.....SS....#
#.#.....>.......
#.#......####.##
#......# ..
#......# #.......
#......#


You could see 2 ball pythons.

Vanquished Creatures
  A ball python (D:1)
  2 goblins (D:1)
  A kobold (D:1)
4 creatures vanquished.

Notes
Turn   | Place    | Note
-------+----------+-------------------------------------------
     0 | D:1      | bande the Gargoyle Fighter began the quest for the Orb.
     0 | D:1      | Reached XP level 1. HP: 14/14 MP: 1/1
    34 | D:1      | Constricted to death by a ball python

Illustrated notes

Levels and vault maps discovered:
D:1:      saegor_arrival_simple_e, layout_basic

Action                     || total
---------------------------++-------
  Melee: War axe           ||    12
 Armour: Scale mail        ||    13
  Dodge: Dodged            ||     4
  Block: Buckler           ||     3

Table legend: (Time is in decaauts)
 A = Elapsed time spent in this place.
 B = Non-inter-level travel time spent in this place.
 C = Inter-level travel time spent in this place.
 D = Time resting spent in this place.
 E = Time spent auto-exploring this place.
 F = Levels seen in this place.
 G = Mean time per level.
                   A        B        C        D        E       F      G
               +--------+--------+--------+--------+--------+-----+--------+
         Total |     38 |     38 |      0 |      0 |     21 |   1 |   38.0 |
       Dungeon |     38 |     38 |      0 |      0 |     21 |   1 |   38.0 |
               +--------+--------+--------+--------+--------+-----+--------+

Top non-repeatable levels by time:
     D:1: 38 daAuts
